 Dungeon Crawl Stone Soup version 0.30-a0-867-g305f33218d (webtiles) character file.

Game seed: 17098071871001379404

105 Pimp the Sneak (level 4, -3/27 HPs)
             Began as an Octopode Fire Elementalist on Mar 10, 2023.
             Slain by a goblin
             ... wielding a +0 club
             ... led by Robin
              (6 damage)
             ... on level 3 of the Dungeon.
             The game lasted 00:07:33 (2437 turns).

Pimp the Sneak (Octopode Fire Elementalist)         Turns: 2437, Time: 00:07:34

Health: -3/27      AC:  1    Str:  7    XL:     4   Next: 83%
Magic:  2/7        EV: 13    Int: 19    God:
Gold:   148        SH:  0    Dex: 12    Spells: 4/8 levels left

rFire   . . .      SeeInvis .      - Unarmed
rCold   . . .      Faith    .    (no shield)
rNeg    . . .      Spirit   .    (helmet restricted)
rPois   .          Reflect  .    (no amulet)
rElec   .          Rampage  .    (no ring)
rCorr   .                        (no ring)
Will    .....                    (no ring)
Stlth   +++                      (no ring)
HPRegen 0.24/turn                (no ring)
MPRegen 0.10/turn                (no ring)
                                 (no ring)
                                 (no ring)

@: no status effects
A: almost no armour, amphibious, 8 rings, camouflage 1, gelatinous body 1,
(nimble swimmer 1), tentacles
a: no special abilities


You were on level 3 of the Dungeon.
You visited 1 branch of the dungeon, and saw 4 of its levels.

You collected 148 gold pieces.

Inventory:

Hand Weapons
 c - a +0 sling
Missiles
 g - 40 stones
Jewellery
 h - a ring of fire
Scrolls
 b - a scroll of immolation {unknown}
Potions
 a - 2 potions of magic
 d - a potion of invisibility
 e - a potion of haste {unknown}
 f - a potion of heal wounds


   Skills:
 + Level 2.7 Dodging
 + Level 3.8 Stealth
 + Level 1.2 Unarmed Combat
 + Level 2.5 Spellcasting
 + Level 1.9 Conjurations
 + Level 3.4 Fire Magic


You had 4 spell levels left.
You knew the following spells:

 Your Spells              Type           Power      Damage    Failure   Level
a - Foxfire               Conj/Fire      48%        2x1d6     5%          1
b - Inner Flame           Hex/Fire       8%         N/A       24%         3

Your spell library contained the following spells:

 Spells                   Type           Power      Damage    Failure   Level
 Scorch                   Fire           30%        2d7       6%          2
 Magic Dart               Conj           36%        1d4       8%          1
 Summon Small Mammal      Summ           8%         N/A       16%         1
 Blink                    Tloc           4%         N/A       24%         2
 Call Imp                 Summ           2%         N/A       24%         2
 Kindle Blastsparks       Fire/Tloc/Air  12%        2d11      30%         3
 Mephitic Cloud           Conj/Pois/Air  4%         N/A       36%         3
 Call Canine Familiar     Summ           2%         N/A       43%         3
 Summon Guardian Golem    Hex/Summ       2%         N/A       43%         3
 Flame Wave               Conj/Fire      12%        2d6       47%         4
 Manifold Assault         Tloc           2%         N/A       85%         4
 Storm Form               Tmut/Air       1%         N/A       100%        7


Dungeon Overview and Level Annotations

Branches:
Dungeon (4/15)
 Temple: D:4-7

Altars:


Innate Abilities, Weirdness & Mutations

You cannot wear most types of armour.
You are amphibious.
You can wear up to eight rings at the same time.
Your skin changes colour to match your surroundings (Stealth+).
Your rubbery body absorbs attacks. (AC +1, EV +1)
((You are camouflaged when in or above water. (Stealth+)))
You have tentacles for arms and can constrict up to eight enemies at once.


Message History

Your foxfire dissipates!
Robin hits you with a +0 dagger.
You tentacle-slap Robin but do no damage.
You squeeze Robin.
Robin is heavily wounded.
You constrict Robin. Robin hits you with a +0 dagger.
You tentacle-slap Robin but do no damage.
Robin is severely wounded.
You constrict Robin. Robin throws the goblin at you! The goblin misses you.
You tentacle-slap Robin but do no damage.
Robin is severely wounded.
You constrict Robin. Robin hits you with a +0 dagger.
The goblin closely misses you.
You tentacle-slap Robin.
Robin is almost dead.
You constrict Robin.
Robin roars a battlecry!
The goblin closely misses you.
You barely miss Robin. You squeeze Robin.
You kill Robin!
You closely miss the goblin. Your grab misses the goblin.
The goblin misses you.
You barely miss the goblin. Your grab misses the goblin.
Your squeeze misses the goblin. The hobgoblin misses you.
The goblin hits you with a +0 club.
You barely miss the hobgoblin. You grab the hobgoblin.
You constrict the hobgoblin, but do no damage.
The hobgoblin hits you.
* * * LOW HITPOINT WARNING * * *
The goblin hits you but does no damage.
You barely miss the goblin. You grab the goblin. You constrict the goblin.
You constrict the hobgoblin. The goblin hits you with a +0 club.
* * * LOW HITPOINT WARNING * * *
The hobgoblin misses you.
Casting: Foxfire (safe; 5% risk of failure)
Confirm with . or Enter, or press ? or * to list all spells.
You conjure some foxfire!
You constrict the goblin. You constrict the hobgoblin.
The hobgoblin barely misses you. The goblin hits you with a +0 club.
You die...

..... ....
.......... ...
.......... ...
........ #.#
#....#####
#.########....#....
#.##..........#....
#v†#..........#....
#v@g...............
#g##.........##....
#..#§........##....
##..######...######
##...## #####
###g.# ### ##)# #..
#.#### #.. #vg)g##
#..


You could see a hobgoblin (strong, ally target) and a goblin (strong).

Vanquished Creatures
  Robin (D:3)
  A gnoll (D:1)
  4 adders (D:2)
  An adder skeleton (D:2)
  2 bat skeletons (D:2)
  2 endoplasms
  11 goblins
  3 hobgoblins (D:3)
  6 ball pythons
  A ball python zombie (D:2)
  6 bats
  3 frilled lizards
  3 kobolds (D:2)
  2 rats
46 creatures vanquished.

Vanquished Creatures (others)
  28 foxfires
  A withered plant (D:2)
29 creatures vanquished.

Grand Total: 75 creatures vanquished

Notes
Turn   | Place    | Note
-------+----------+-------------------------------------------
     0 | D:1      | Pimp the Octopode Fire Elementalist began the quest for the
                  | Orb.
     0 | D:1      | Reached XP level 1. HP: 11/11 MP: 3/3
   417 | D:1      | Reached XP level 2. HP: 10/17 MP: 1/5
   834 | D:2      | Reached XP level 3. HP: 9/21 MP: 6/6
  1367 | D:2      | Learned a level 3 spell: Inner Flame
  1408 | D:2      | Reached XP level 4. HP: 27/27 MP: 5/7
  1431 | D:2      | Found a faded altar of an unknown god.
  1502 | D:2      | Reached skill level 1 in Unarmed Combat
  2325 | D:3      | Identified the +0 helmet of Tender Moments {SInv}
  2325 | D:3      | Noticed Robin
  2432 | D:3      | Killed Robin
  2437 | D:3      | Slain by a goblin

Illustrated notes

Levels and vault maps discovered:
D:1:      dpeg_arrival_tiny_k, layout_rooms, dk_noncrumbling_4,
          nicolae_grassy_gnolls
D:2:      layout_loops_corners, shapermc_ecumenical_altar_mp_vishouse,
          serial_undead, serial_undead_c, serial_undead_e, serial_undead_a,
          serial_undead_a, minmay_distorted
D:3:      layout_basic, nicolae_elevator_lobby_plus, uniq_robin, uniq_sigmund
D:4:      layout_basic, minmay_temple_entry_hall, saegor_snake_ambush

Skill      XL: |  1  2  3  4 |
---------------+-------------+-----
Stealth        | 3 |  3.8
Unarmed Combat | 1 |  1.2
Dodging        | |  2.7
Spellcasting   | |  2.5
Conjurations   | |  1.9
Fire Magic     | |  3.4

Action                     |  1- 3 |  4- 6 || total
---------------------------+-------+-------++-------
  Melee: Unarmed           |    63 |    51 ||   114
         Tentacles         |    15 |    12 ||    27
         Constrict         |    15 |    15 ||    30
         Punch             |     1 |       ||     1
   Cast: Foxfire           |    10 |    13 ||    23
    Use: Potion            |     2 |     1 ||     3
         Scroll            |       |     4 ||     4
   Stab: Sleeping          |     5 |     5 ||    10
 Armour: Skin              |    22 |     4 ||    26
  Dodge: Dodged            |    59 |    41 ||   100

Table legend: (Time is in decaauts)
 A = Elapsed time spent in this place.
 B = Non-inter-level travel time spent in this place.
 C = Inter-level travel time spent in this place.
 D = Time resting spent in this place.
 E = Time spent auto-exploring this place.
 F = Levels seen in this place.
 G = Mean time per level.
                   A        B        C        D        E       F      G
               +--------+--------+--------+--------+--------+-----+--------+
         Total |   2434 |   2395 |     39 |    446 |   1494 |   4 |  608.5 |
       Dungeon |   2434 |   2395 |     39 |    446 |   1494 |   4 |  608.5 |
               +--------+--------+--------+--------+--------+-----+--------+

Top non-repeatable levels by time:
     D:2: 1236 daAuts
     D:1: 597 daAuts
     D:3: 556 daAuts
     D:4: 44 daAuts
